Map: Orbital Shipyard

Players

DigoBruto - Winner!

  • Race: Protoss Protoss
  • League: Grandmaster

CaptRaynor

  • Race: Terran Terran
  • League: Grandmaster

VOD

Have the link to the VOD?

Description

Time

  • Played on: July 1, 2015, 3:52 p.m.
  • Length: 11:09
Show
View Real Time Build Order
Export as new Build Order

DigoBruto Protoss - Winner!

Build Orders:  

Get SALT Encoding   

  12  0:02  Probe  
  13  0:17  Pylon  
  13  0:22  Probe  
  14  0:39  Gateway  
  14  0:45  Forge  
  14  0:53  Pylon  
  14  0:59  Probe (Chrono Boost)  
  15  1:10  Probe (Chrono Boost)  
  16  1:16  Probe (Chrono Boost)  
  17  1:28  Probe  
  18  1:40  Probe  
  19  1:55  Nexus  
  19  2:01  Pylon  
  19  2:08  Photon Cannon x2  
  19  2:13  Probe (Chrono Boost)  
  20  2:21  Zealot  
  23  2:24  Probe (Chrono Boost)  
  23  2:30  Probe (Chrono Boost)  
  23  2:31  Assimilator  
  23  2:36  Assimilator  
  24  2:42  Probe, Assimilator  
  25  2:46  Assimilator  
  25  3:02  Cybernetics Core  
  25  3:08  Gateway  
  25  3:09  Gateway  
  25  3:12  Probe (Chrono Boost)  
  27  3:13  Probe (Chrono Boost)  
  27  3:24  Probe x2 (Chrono Boost)  
  29  3:30  Probe x2 (Chrono Boost)  
  31  3:38  Warp Gate (Chrono Boost)  
  31  3:41  Probe x2  
  35  3:55  Probe (Chrono Boost)  
  35  3:56  Probe (Chrono Boost)  
  35  4:06  Probe (Chrono Boost)  
  35  4:07  Probe (Chrono Boost)  
  37  4:12  Probe x2 (Chrono Boost)  
  37  4:14  Pylon  
  39  4:18  Pylon  
  39  4:21  Pylon  
  39  4:24  Probe (Chrono Boost)  
  39  4:26  Probe (Chrono Boost)  
  41  4:36  Probe (Chrono Boost)  
  41  4:38  Probe (Chrono Boost)  
  43  4:43  Probe x2 (Chrono Boost)  
  45  4:48  Protoss Shields Level 1 (Chrono Boost)  
  45  4:53  Probe  
  45  4:54  Probe  
  47  5:06  Probe x2  
  49  5:10  Stargate  
  49  5:11  Stargate  
  49  5:14  Stargate  
  49  5:17  Stargate  
  49  5:18  Mothership Core  
  51  5:22  Pylon  
  51  5:29  Photon Cannon  
  51  5:31  Photon Cannon  
  51  5:33  Photon Cannon  
  51  5:37  Photon Cannon  
  51  5:40  Photon Cannon  
  51  5:44  Photon Cannon  
  51  5:45  Photon Cannon  
  51  5:55  Photon Cannon  
  51  6:03  Photon Cannon  
  51  6:27  Void Ray x4  
  65  6:57  Nexus  
  65  7:01  Assimilator  
  65  7:06  Assimilator  
  65  7:10  Pylon  
  65  7:14  Pylon  
  65  7:16  Pylon  
  65  7:19  Pylon  
  66  7:22  Probe  
  66  7:23  Probe  
  67  7:35  Probe x2, Pylon  
  69  7:37  Pylon  
  69  7:41  Pylon  
  69  7:42  Phoenix x2  
  73  7:44  Phoenix  
  73  7:45  Pylon, Phoenix  
  73  7:47  Probe x2  
  73  7:48  Pylon  
  79  7:51  Pylon  
  79  7:59  Probe x2  
  81  8:09  Probe  
  81  8:11  Probe x2  
  84  8:21  Probe  
  84  8:23  Probe x2  
  87  8:33  Probe, Void Ray x3  
  100  8:35  Probe x2  
  100  8:38  Void Ray  
  106  8:46  Probe  
  106  8:47  Probe x2  
  109  8:57  Robotics Facility  
  109  8:58  Probe  
  110  9:06  Twilight Council  
  110  9:20  Fleet Beacon  
  110  9:26  Zealot  
  110  9:27  Zealot x2  
  116  9:32  Void Ray  
  116  9:33  Void Ray x3  
  123  10:15  Phoenix  
  123  10:16  Phoenix x3  
Show
View Real Time Build Order
Export as new Build Order

CaptRaynor Terran 

Build Orders: MMM Bio 

Get SALT Encoding   

  12  0:03  SCV  
  13  0:21  Supply Depot  
  13  0:23  SCV  
  14  0:34  Refinery  
  14  0:35  SCV  
  15  0:45  Barracks  
  15  0:47  SCV  
  16  0:59  SCV  
  17  1:11  SCV  
  18  1:23  SCV  
  19  1:34  Supply Depot  
  19  1:38  SCV  
  20  1:41  Barracks Tech Lab  
  20  1:53  Command Center, SCV  
  21  2:05  SCV  
  22  2:08  Combat Shields  
  22  2:18  Orbital Command  
  22  2:26  Refinery, Marauder  
  23  2:45  SCV  
  24  2:58  SCV  
  25  3:12  SCV  
  26  3:14  Marauder  
  28  3:20  Factory  
  28  3:30  Orbital Command  
  28  3:31  SCV  
  28  3:33  Concussive Shells  
  29  3:37  Marauder  
  31  3:43  SCV  
  31  3:45  Barracks  
  32  3:57  SCV x2  
  32  4:01  Refinery  
  34  4:05  Factory Tech Lab  
  34  4:10  SCV x2, Starport  
  34  4:12  Marauder  
  38  4:23  Stimpack  
  38  4:24  SCV x2  
  38  4:26  Widow Mine  
  42  4:39  SCV  
  42  4:40  SCV  
  42  4:42  Barracks Reactor  
  44  4:48  Engineering Bay, Marauder  
  46  4:52  Starport Reactor  
  46  5:08  Supply Depot  
  46  5:17  SCV x2  
  46  5:18  Liberator  
  46  5:19  Widow Mine, Liberator  
  50  5:21  Marine x2  
  52  5:30  Terran Infantry Weapons Level 1  
  52  5:34  SCV x2, Supply Depot  
  54  5:38  Supply Depot  
  58  5:58  Marauder, Marine x2  
  62  6:06  SCV x2  
  62  6:07  Starport  
  64  6:16  Marine  
  64  6:17  Marine  
  66  6:20  Marauder  
  66  6:21  Command Center  
  68  6:35  Factory Tech Lab  
  68  6:36  Factory Reactor  
  68  6:37  Liberator  
  68  6:38  Barracks, Marine x2  
  70  6:41  Marauder  
  72  6:50  Banshee  
  77  7:05  Supply Depot  
  77  7:06  Armory  
  77  7:09  Liberator  
  77  7:10  Marine  
  78  7:19  Refinery  
  78  7:25  Terran Infantry Armor Level 1  
  78  7:26  Marine  
  78  7:27  SCV x2, Marauder  
  78  7:28  Barracks Tech Lab  
  85  7:33  Supply Depot  
  85  8:04  Liberator  
  85  8:15  Terran Ship Armor Level 1  
  85  8:18  Marine x2  
  85  8:19  Marauder x2  
  91  8:23  Banshee  
  96  8:33  SCV x2, Refinery  
  98  8:34  Planetary Fortress  
  98  8:44  Supply Depot, Marine x2  
  98  8:45  Marauder  
  102  8:59  Refinery  
  102  9:11  Barracks  
  102  9:16  Supply Depot  
  102  9:17  SCV x3  
  102  9:21  Unknown  
  105  9:34  SCV x3  
  108  9:38  Marine x2  
  108  9:39  Marauder x2  
  114  9:57  Liberator  
  114  9:58  Liberator  
  114  9:59  Liberator  
  86  10:10  Marine x2  
  86  10:11  Marine x2  
  70  10:23  Barracks Reactor  
  70  10:26  SCV x3  
  73  10:34  Marine x4  
  73  10:38  Starport  
  73  10:54  Command Center  
Tags
 
Add a new tag
Caveats
  • Supply blocks, unpowered buildings, or Contaminate may cause inaccurate times.
  • Supply counts are checked every 10 seconds.